 Dungeon Crawl Stone Soup version 0.17-a0-670-g5d95ebd (console) character file.

52 jernau the Skirmisher (level 3, -4/31 HPs)
             Began as a Hill Orc Warper on Apr 18, 2015.
             Slain by a worker ant (5 damage)
             ... on level 4 of the Dungeon.
             The game lasted 00:08:15 (1760 turns).

jernau the Skirmisher (Hill Orc Warper)             Turns: 1760, Time: 00:08:17

Health: -4/31      AC:  4    Str: 13    XL:     3   Next: 85%
Magic:  5/5        EV: 12    Int: 14    God:
Gold:   128        SH:  0    Dex: 10    Spells: 1 memorised, 4 levels left

rFire  . . .     SeeInvis .     w - +1 war axe (chop)
rCold  . . .     Clarity  .     b - +0 leather armour
rNeg   . . .     SustAb   .     (no shield)
rPois  .         Gourm    .     y - +0 helmet
rElec  .         Spirit   .     (no cloak)
rCorr  .         Warding  .     (no gloves)
rMut   .         Stasis   .     (no boots)
MR     .....                    (no amulet)
Stlth  +.........               (no ring)
                                (no ring)

@: lethally poisoned (-4 -> -23), not resistant to hostile enchantments, very
unstealthy
A: no striking features
a: no special abilities


You were on level 4 of the Dungeon.
You were not hungry.

You visited 1 branch of the dungeon, and saw 4 of its levels.

You collected 128 gold pieces.

Inventory:

Hand weapons
 a - a +0 spear
 w - a +1 war axe of chopping (weapon)
Missiles
 e - 5 tomahawks of dispersal (quivered)
Armour
 b - a +0 leather armour (worn)
 y - a +0 helmet (worn)
Jewellery
 h - an uncursed ring of sustain abilities {unknown}
Scrolls
 l - 3 scrolls of identify {unknown}
 m - 2 scrolls of remove curse {unknown}
 o - a scroll of fog {unknown}
 p - a scroll of noise {unknown}
 t - a scroll of teleportation {unknown}
 x - a scroll of enchant armour {unknown}
Potions
 g - a potion of heal wounds {unknown}
 k - 2 potions of agility {unknown}
 n - 2 potions of magic {unknown}
 q - a potion of curing {unknown}
 s - a potion of might {unknown}
 u - a potion of poison {unknown}
Books
 c - a book of Spatial Translocations

   Spells                             Type                      Level
   a - Apportation                    Translocation                1
   b - Blink                          Translocation                2
   c - Shroud of Golubria             Charms/Translocation         2
   d - Portal Projectile              Translocation                3
   e - Teleport Other                 Translocation                3
   f - Passage of Golubria            Translocation                4
 v - a book of the Warp

   Spells                             Type                      Level
   a - Recall                         Summoning/Translocation      3
   b - Gell's Gravitas                Hexes/Translocation          3
   c - Control Teleport               Charms/Translocation         4
   d - Force Lance                    Conjuration/Translocation    4
   e - Phase Shift                    Translocation                5
   f - Warp Weapon                    Charms/Translocation         5
   g - Summon Forest                  Summoning/Translocation      5
Comestibles
 d - 2 chunks of flesh
 f - 2 bread rations
 i - a beef jerky
 j - a slice of pizza


   Skills:
 - Level 3.1 Fighting
 - Level 1.1(2.1) Axes
 - Level 2.1(2.3) Polearms
 - Level 1.0 Throwing
 - Level 1.1 Armour
 - Level 2.5 Dodging
 + Level 1.9 Spellcasting
 - Level 2.4 Translocations


You had 4 spell levels left.
You knew the following spells:

 Your Spells              Type           Power        Failure   Level  Hunger
a - Apportation           Tloc           #.........   14%         1    ##.....


Dungeon Overview and Level Annotations

Branches:
Dungeon (4/15)
 Temple: D:4-7

Altars:

Annotations:
D:3 Natasha


Message History

The worker ant is heavily wounded.
You feel sick. The worker ant barely misses you.
The worker ant barely misses you.
You barely miss the worker ant.
The worker ant is moderately wounded.
You feel sick. The worker ant bites you.
You barely miss the worker ant.
The worker ant is moderately wounded.
You feel sick. The worker ant bites you.
* * * LOW HITPOINT WARNING * * *
You are more poisoned.
The worker ant poisons you! The worker ant closely misses you.
You closely miss the worker ant.
The worker ant is moderately wounded.
* * * LOW HITPOINT WARNING * * *
You feel very sick. The worker ant bites you.
* * * LOW HITPOINT WARNING * * *
The worker ant bites you.
You die...

##.....##.. #..#..##..# #..
######......#..### ..
.#..........#..... .#
.....).........#####.#####
..............###.........
..........†÷....>.........
...........†.####.........#
....<...........@a.?......#
..(..........####......?..#
........#..#.# ###.....##
........#..$..# #......
.##..###....... ...... .
.... .(...... ..... ...##
........# ### ... . . #


You could see a worker ant.

Vanquished Creatures
  An adder (D:2)
  5 hobgoblins
  10 jackals
  7 kobolds
  4 bats (D:2)
  2 giant cockroaches (D:2)
  2 giant newts (D:1)
  6 goblins
  6 rats
43 creatures vanquished.

Notes
Turn   | Place    | Note
--------------------------------------------------------------
     0 | D:1      | jernau, the Hill Orc Warper, began the quest for the Orb.
     0 | D:1      | Reached XP level 1. HP: 18/18 MP: 3/3
   459 | D:1      | Reached XP level 2. HP: 25/25 MP: 4/4
   836 | D:2      | Reached skill level 3 in Fighting
   988 | D:2      | Reached XP level 3. HP: 21/31 MP: 5/5
  1701 | D:3      | Noticed a giant frog
  1704 | D:3      | Noticed Natasha
  1721 | D:4      | Reached skill level 1 in Axes
  1760 | D:4      | HP: 1/31 [worker ant (3)]
  1760 | D:4      | Slain by a worker ant

Action                   || total
-------------------------++-------
Melee: Spear             ||    96
       War axe           ||    70
  Use: Scroll            ||     1
  Eat: Chunk             ||     3
